AoeStats
← Mito

Arabia

510554966Analyzed
1v1 RM · 11h ago on Oct 1, 2026· 37m 56s· 2 players
Game mode
Random Map
Map size
Tiny (2 player)
Population
200
Speed
Normal
Resources
Standard
Victory
Conquest
Starting age
Dark Age
Ending age
Imperial Age
RankedLock teamsTeams togetherTeam positionsShared explorationLock speedFull tech treeHidden civsTurbo modeCheats
Victory
Defeat
🇪🇸 Ethiopians · Spain
1095
+15
🇻🇳 Bulgarians · Vietnam
1078
-15
Carduchoi
0:29 Loom
13:47 Feudal Age
20:08 Castle Age
35:42 Gambesons
35:42 Arson
35:18 Pikeman
36:17 Fletching
Mito
2:40 Loom
10:35 Feudal Age
11:15 Town Watch
13:13 Double-Bit Axe
15:45 Fletching
16:47 Horse Collar
23:43 Castle Age
22:52 Padded Archer Armor
23:53 Crossbowman
24:40 Thumb Ring
24:31 Bodkin Arrow
25:40 Leather Archer Armor
28:40 Gold Mining
32:10 Imperial Age
31:26 Ballistics
33:51 Chemistry
33:47 Bow Saw
33:41 Heavy Plow
34:28 Arbalester
35:10 Bracer
35:50 Stone Mining
36:37 Gold Shaft Mining
37:46 Ring Archer Armor
38:33 Two-Man Saw
39:07 Wheelbarrow
Connection lost

Rejoining the realm…

Still unreachable

The connection could not be restored.

Session expired

The server has moved on; the page needs a fresh start.